 Dungeon Crawl Stone Soup version 0.32-a0-540-g866d13106e (webtiles) character file.

Game seed: 17884497866627496144

778 dialectric the Ducker (level 7, 0/54 HPs)
             Began as a Demonspawn Fighter on Feb 28, 2024.
             Slain by a killer bee (2 damage)
             ... on level 5 of the Dungeon.
             The game lasted 00:05:48 (3771 turns).

dialectric the Ducker (Demonspawn Fighter)          Turns: 3771, Time: 00:05:48

Health: 0/54       AC: 15    Str: 18    XL:     7   Next: 54%
Magic:  7/7        EV: 12    Int:  8    God:
Gold:   266        SH:  0    Dex: 13    Spells: 6/6 levels left

rFire   . . .        a - +0 flail (flame)
rCold   . . .        (no shield)
rNeg    . . .        z - +0 swamp dragon scales
rPois   +            s - +0 helmet
rElec   .            q - +0 cloak
rCorr   .            t - +0 pair of gloves
SInv    .            h - +2 pair of boots
Will    .....        (no amulet)
Stlth   +            (no ring)
HPRegen 0.29/turn    (no ring)
MPRegen 0.10/turn

%: no passive effects
@: no status effects
A: ignite blood 1, powered by death 1
a: no special abilities


You were on level 5 of the Dungeon.
You visited 1 branch of the dungeon, and saw 6 of its levels.

You collected 266 gold pieces.

Inventory:

Hand Weapons
 a - a +0 flail of flaming (weapon)
 g - a +0 dagger of holy wrath
Missiles
 l - 5 javelins (quivered)
Armour
 b - a +0 scale mail
 h - a +2 pair of boots (worn)
 q - a +0 cloak (worn)
 s - a +0 helmet (worn)
 t - a +0 pair of gloves (worn)
 z - +0 swamp dragon scales (worn)
Jewellery
 k - a ring of ice
Scrolls
 c - a scroll of fog
 e - a scroll of identify {unknown}
 j - a scroll of brand weapon
 m - a scroll of butterflies
 n - 2 scrolls of immolation {unknown}
 o - a scroll of teleportation {unknown}
 r - a scroll of fear {unknown}
 v - a scroll of amnesia {unknown}
 x - a scroll of enchant weapon {unknown}
 y - a scroll of revelation {unknown}
Potions
 d - a potion of might
 f - 2 potions of curing
 i - a potion of degeneration {unknown}
 p - a potion of mutation {unknown}
 u - a potion of attraction {unknown}
 w - a potion of haste {unknown}


   Skills:
 - Level 4.1 Fighting
 + Level 4.0 Maces & Flails
 + Level 4.4 Armour
 * Level 4.7 Dodging
 - Level 3.0 Shields


You had 6 spell levels left.
You didn't know any spells.
Your spell library contained the following spells:

 Spells                   Type           Power      Damage    Failure   Level
 Scorch                   Fire           0%         2d5       73%         2
 Animate Armour           Summ/Erth      0%         N/A       100%        4
 Flame Wave               Conj/Fire      0%         2d4       100%        4
 Summon Lightning Spire   Summ/Air       0%         N/A       100%        4
 Lee's Rapid Deconstruct  Erth           0%         3d4*      100%        5
 Summon Cactus Giant      Summ           0%         N/A       100%        6


Dungeon Overview and Level Annotations

Branches:
Dungeon (6/15)
 Temple: D:4-7

Altars:


Innate Abilities, Weirdness & Mutations

Your demonic aura sometimes causes spilled blood to erupt in flames.
You regenerate a little health from kills.


Message History

You sock the killer bee! You burn the killer bee.
You kill the killer bee!
The killer bee stings you but does no damage.
Unknown command.
You barely miss the killer bee. The killer bee closely misses you.
The killer bee stings you but does no damage.
The killer bee closely misses you.
You miss the killer bee. The killer bee barely misses you.
The killer bee misses you.
You miss the killer bee.
The killer bee stings you but does no damage.
The killer bee stings you.
* * * LOW HITPOINT WARNING * * *
The killer bee closely misses you.
You closely miss the killer bee.
The killer bee stings you but does no damage.
The killer bee stings you.
* * * LOW HITPOINT WARNING * * *
You sock the killer bee! You burn the killer bee.
The killer bee is severely wounded.
The killer bee barely misses you. x2
You closely miss the killer bee.
The killer bee is severely wounded.
The killer bee stings you!
* * * LOW HITPOINT WARNING * * *
The killer bee stings you but does no damage. x2
You miss the killer bee.
The killer bee is severely wounded.
The killer bee closely misses you. x2
You feel better. The killer bee barely misses you. The killer bee stings you!
* * * LOW HITPOINT WARNING * * *
You miss the killer bee.
The killer bee is severely wounded.
The killer bee stings you.
* * * LOW HITPOINT WARNING * * *
The killer bee barely misses you. The killer bee misses you.
You miss the killer bee.
The killer bee is severely wounded.
The killer bee barely misses you. The killer bee stings you.
You die...

...........# ....
............# ....
........?...# ########
......... ..# #....#
........###.## #....###
#....(.######## #.......
#.......##....# #.......
#.....#.##....# #.......
#...y.#@##....# #....###
#.....#y##....###....###
#...y..y......'.........
#......#......##########
.........##.....#
#........##.....# ###
#........##.....## #..
#........###.....# #..
....####.# #.....# #..


You could see 2 killer bees.

Vanquished Creatures
  Maggie (D:6)
  An orc warrior (D:5)
  A phantom (D:6)
  3 killer bees (D:5)
  2 orc wizards
  5 adders
  A shadow imp (D:6)
  A ribbon worm (D:2)
  3 dart slugs
  6 orcs
  8 endoplasms
  3 giant cockroaches
  8 goblins
  5 hobgoblins
  8 jackals
  8 kobolds
  7 quokkas
  6 ball pythons
  8 bats
  6 frilled lizards
  7 rats
98 creatures vanquished.

Notes
Turn   | Place    | Note
-------+----------+-------------------------------------------
     0 | D:1      | dialectric the Demonspawn Fighter began the quest for the
                  | Orb.
     0 | D:1      | Reached XP level 1. HP: 18/18 MP: 1/1
   153 | D:1      | Gained mutation: You regenerate a little health from kills.
                  | [demonic ancestry]
   153 | D:1      | Reached XP level 2. HP: 24/24 MP: 2/2
  1008 | D:2      | Reached XP level 3. HP: 29/29 MP: 3/3
  1184 | D:2      | Reached skill level 1 in Dodging
  1222 | D:2      | Reached XP level 4. HP: 24/35 MP: 4/4
  1912 | D:3      | Found a faded altar of an unknown god.
  2660 | D:4      | Gained mutation: Your demonic aura sometimes causes spilled
                  | blood to erupt in flames. [demonic ancestry]
  2660 | D:4      | Reached XP level 5. HP: 42/42 MP: 5/5
  3387 | D:5      | Entered Level 5 of the Dungeon
  3462 | D:5      | Noticed an orc warrior
  3495 | D:5      | Killed an orc warrior
  3496 | D:5      | Reached XP level 6. HP: 46/48 MP: 6/6
  3524 | D:6      | Noticed Maggie
  3535 | D:6      | Killed Maggie
  3536 | D:6      | Reached XP level 7. HP: 51/54 MP: 7/7
  3770 | D:5      | HP: 2/54 [killer bee (3)]
  3771 | D:5      | Slain by a killer bee

Illustrated notes

Levels and vault maps discovered:
D:1:      minmay_arrival_stone_box, layout_basic
D:2:      wad_river_or_something, layout_loops_cross, minmay_3d_cube
D:3:      layout_basic, hellmonk_ecumenical_altar_run_dry
D:4:      layout_basic
D:5:      layout_basic, trog_three_pillars_becter, kennysheep_mini_moat,
          minmay_misc_feat_enclosed
D:6:      layout_loops_ring, general_overflow_altar,
          mainiacjoe_overflow_alcove_2, minmay_temple_entry_glassed_door,
          serial_shops, shop, uniq_maggie

Skill      XL: |  1  2  3  4  5  6  7 |
---------------+----------------------+-----
Maces & Flails | 2 3 4 |  4.0
Shields        | 3 |  3.0
Armour         | 3 4 |  4.4
Dodging        | 1 2 4 |  4.7
Fighting       | 4 |  4.1

Action                     |  1- 3 |  4- 6 |  7- 9 || total
---------------------------+-------+-------+-------++-------
  Melee: Flail             |   134 |   145 |    58 ||   337
    Use: Scroll            |       |     3 |       ||     3
         Potion            |       |     1 |     3 ||     4
 Armour: Scale mail        |   133 |   119 |     1 ||   253
         Swamp dragon scal |       |       |    77 ||    77
  Dodge: Dodged            |    79 |   125 |    95 ||   299

Table legend: (Time is in decaauts)
 A = Elapsed time spent in this place.
 B = Non-inter-level travel time spent in this place.
 C = Inter-level travel time spent in this place.
 D = Time resting spent in this place.
 E = Time spent auto-exploring this place.
 F = Levels seen in this place.
 G = Mean time per level.
                   A        B        C        D        E       F      G
               +--------+--------+--------+--------+--------+-----+--------+
         Total |   3864 |   3674 |    190 |      0 |   2617 |   6 |  644.0 |
       Dungeon |   3864 |   3674 |    190 |      0 |   2617 |   6 |  644.0 |
               +--------+--------+--------+--------+--------+-----+--------+

Top non-repeatable levels by time:
     D:1: 1013 daAuts
     D:2: 958 daAuts
     D:4: 781 daAuts
     D:3: 709 daAuts
     D:5: 357 daAuts
     D:6: 44 daAuts
